 Dungeon Crawl Stone Soup version 0.32-a0-132-g2d33c3cfaf (webtiles) character file.

Game seed: 13486182945880203782

24 Bravepunisher the Ducker (level 2, 16/16 HPs)
             Began as a Spriggan Monk on Feb 9, 2024.
             Quit the game on level 4 of the Dungeon.
             The game lasted 00:02:15 (579 turns).

Bravepunisher the Ducker (Spriggan Monk)             Turns: 579, Time: 00:02:15

Health: 16/16      AC:  2    Str:  7    XL:     2   Next: 79%
Magic:  3/3        EV: 19    Int: 11    God:
Gold:   21         SH:  0    Dex: 17    Spells: 1/1 levels left

rFire   . . .        a - +0 short sword
rCold   . . .        (no shield)
rNeg    . . .        b - +0 robe
rPois   .            (helmet restricted)
rElec   .            (no cloak)
rCorr   .            (gloves unavailable)
SInv    +            (boots unavailable)
Will    .....        (no amulet)
Stlth   ++           (no ring)
HPRegen 0.22/turn    (no ring)
MPRegen 0.08/turn

%: no passive effects
@: very quick
A: very small, no large weapons, unfitting armour, see invisible, speed 3
a: no special abilities


You were on level 4 of the Dungeon.
You visited 1 branch of the dungeon, and saw 5 of its levels.

You collected 21 gold pieces.

Inventory:

Hand Weapons
 a - a +0 short sword (weapon)
Armour
 b - a +0 robe (worn)
Wands
 h - a wand of flame (17)
Scrolls
 e - a scroll of amnesia {unknown}
 g - a scroll of revelation {unknown}
 i - a scroll of fog {unknown}
 j - a scroll of teleportation {unknown}
Potions
 c - a potion of ambrosia
 d - a potion of mutation {unknown}
 f - a potion of enlightenment {unknown}


   Skills:
 + Level 2.7 Fighting
 - Level 3.2 Short Blades
 * Level 5.0 Dodging


You had one spell level left.
You didn't know any spells.
Your spell library was empty.

Dungeon Overview and Level Annotations

Branches:
Dungeon (5/15)
 Temple: D:4-7

Altars:
Okawaru

Annotations:
D:4 3 runed translucent doors, Esekla's ghost, novice OpDe


Innate Abilities, Weirdness & Mutations

You are very small and have problems with some larger weapons.
You are too small for most types of armour.
You have supernaturally acute eyesight. (SInv)
You cover ground extremely quickly. (Speed+++)


Message History

Found a stone staircase leading up.
Found 8 gold pieces and a leather armour.
Found 8 gold pieces.
There is a stone staircase leading up here.
You climb upwards.
Found an ivory wand.
Found a stone staircase leading up.
There is a stone staircase leading down here.
h - a wand of flame (17)
There is a stone staircase leading down here.
Found a scroll labelled WUS QO CILA.
Found a runed translucent gate.
Found 5 gold pieces and a scroll labelled NAASHO ALIU.
The orc shouts!
Esekla's ghost turns its malevolent gaze towards you.
Found a pair of boots and 10 gold pieces.
i - a scroll labelled WUS QO CILA Esekla's ghost screams, "I have seen your future, and it is all used up."
You now have 21 gold pieces (gained 5).
j - a scroll labelled NAASHO ALIU
Found a book of Cantrips.
A wight and a jackal come into view.
The wight is wielding a +0 mace of draining.
A ball python and a wight come into view.
A wight comes into view. It is wielding a +4 mace.
Found 11 gold pieces.
A jackal comes into view.
The jackal barks!
The jackal bites you.
Found 12 gold pieces.
A wight comes into view. It is wielding a +4 scimitar.
You see here 11 gold pieces.
Found 10 gold pieces.
A goblin comes into view. It is wielding a +0 club.
The goblin shouts!
Found a runed leather armour and a beast talisman.
Found an iron altar of Okawaru.
The goblin completely misses you. The jackal barely misses you.
The jackal pauses to sniff the ground.
The goblin attacks as it pursues you! The goblin misses you.
Are you sure you want to abandon this character and quit the game? (Confirm with "yes".)

#.##### #.#....
#.#.#.# #.#.###
######### #####.#....
#.....h.# #......####
#.≈.ß.≈.# #.......z.h
#.≈...≈g# #......#...
#.≈≈@≈≈h# #...zS.#...
#.≈≈.≈≈.###......#...
#.≈≈.≈≈..z.$.....#...
#.≈≈_≈≈...S.######...
#.≈≈≈≈≈.....# ####
#..≈≈≈......#
#...........#
###.........#
#.........#


You could see a wight, 2 jackals, a goblin and a ball python.

Vanquished Creatures
  An adder (D:2)
  A dart slug (D:3)
  2 bats
  A giant cockroach (D:3)
  2 goblins
  A hobgoblin (D:3)
  2 ball pythons
  A frilled lizard (D:1)
  2 kobolds (D:2)
  2 rats
15 creatures vanquished.

Notes
Turn   | Place    | Note
-------+----------+-------------------------------------------
     0 | D:1      | Bravepunisher the Spriggan Monk began the quest for the
                  | Orb.
     0 | D:1      | Reached XP level 1. HP: 11/11 MP: 2/2
   259 | D:2      | Reached XP level 2. HP: 15/16 MP: 3/3
   382 | D:3      | Reached skill level 5 in Dodging
   490 | D:5      | Entered Level 5 of the Dungeon
   524 | D:4      | Found a runed translucent gate.
   524 | D:4      | Found a runed translucent gate.
   524 | D:4      | Found a runed translucent gate.
   530 | D:4      | Noticed Esekla's ghost (novice OpDe)
   549 | D:4      | Noticed a wight
   551 | D:4      | Noticed a wight
   551 | D:4      | Noticed a wight
   556 | D:4      | Noticed a wight
   563 | D:4      | Found an iron altar of Okawaru.
   579 | D:4      | Quit the game

Illustrated notes

Levels and vault maps discovered:
D:1:      wander_arrival_chamber, layout_basic, minmay_cut_off
D:2:      layout_loops_ring, grunt_ministairs_7
D:3:      layout_basic, minmay_misc_feat_hallway
D:4:      layout_basic, nicolae_ru_great_annihilating_truth,
          mainiacjoe_overflow_catwalk, gammafunk_ghost_split
D:5:      layout_gridville, grunt_decor_junction,
          amcnicky_mini_rare_corridor_liquid, nicolae_grassy_gnolls, uniq_ijyb,
          uniq_sigmund

Skill      XL: |  1  2 |
---------------+-------+-----
Dodging        | 5 |  5.0
Fighting       | |  2.7
Short Blades   | |  3.2

Action                     || total
---------------------------++-------
  Melee: Short sword       ||    54
 Armour: Robe              ||    11
  Dodge: Dodged            ||    51

Table legend: (Time is in decaauts)
 A = Elapsed time spent in this place.
 B = Non-inter-level travel time spent in this place.
 C = Inter-level travel time spent in this place.
 D = Time resting spent in this place.
 E = Time spent auto-exploring this place.
 F = Levels seen in this place.
 G = Mean time per level.
                   A        B        C        D        E       F      G
               +--------+--------+--------+--------+--------+-----+--------+
         Total |    382 |    382 |      0 |      0 |    187 |   5 |   76.4 |
       Dungeon |    382 |    382 |      0 |      0 |    187 |   5 |   76.4 |
               +--------+--------+--------+--------+--------+-----+--------+

Top non-repeatable levels by time:
     D:3: 127 daAuts
     D:1: 112 daAuts
     D:2: 78 daAuts
     D:4: 51 daAuts
     D:5: 13 daAuts
